[Event "Titled Tuesday Blitz March 07 Late 2023"]
[White "Korchmar, Vasiliy"]
[Black "Reprintsev, Alexander"]
[WhiteFideId "24131750"]
[BlackFideId "14100541"]
[WhiteElo "2370"]
[BlackElo "2229"]
[Result "1-0"]
[Round "09"]
[TimeControl "180+2"]
[Date "2023.03.07"]
[WhiteClock "0:00:49"]
[BlackClock "0:00:02"]

1. e4 e5 2. Nf3 Nc6 3. Bb5 Bc5 4. O-O d6 5. d3 Ne7 6. c3 Bg4 7. h3 Bxf3 8. Qxf3 O-O 9. a4 Qc8 10. Bxc6 bxc6 11. b4 Bb6 12. a5 f5 13. axb6 fxe4 14. Qxe4 axb6 15. Rxa8 Qxa8 16. Bg5 Nd5 17. Qg4 Qe8 18. Bd2 Nf6 19. Qg3 Kh8 20. c4 Qe6 21. Nc3 Ra8 22. Bg5 Nd7 23. Be3 Ra3 24. Rc1 Qf5 25. Qh4 Nf6 26. Ne4 Rxd3 27. Ra1 Ng8 28. Ra8 Rd1+ 29. Kh2 h6 30. Qd8 Qf7 31. Qf8 Qxc4 32. Bxh6 Kh7 33. Qxg7# 1-0


[Site "https://www.chess.com"]

[Event "Titled Tuesday Blitz March 07 Late 2023"]
[White "Sai Krishna G V"]
[Black "Nilsen, Tobias Lang"]
[WhiteFideId "5028280"]
[BlackFideId "1521624"]
[WhiteElo "2359"]
[BlackElo "2183"]
[Result "0-1"]
[Round "09"]
[TimeControl "180+2"]
[Date "2023.03.07"]
[WhiteClock "0:02:32"]
[BlackClock "0:02:48"]

1. e4 e6 2. d3 d5 3. Nd2 Nf6 4. Ngf3 c5 5. g3 Nc6 6. Bg2 Be7 7. O-O O-O 8. Re1 b5 9. e5 Nd7 10. Nf1 Bb7 11. h4 Qb6 12. N1h2 Rfc8 13. Bf4 Qd8 14. Ng5 h6 15. Qh5 hxg5 16. hxg5 g6 17. Qh4 Nd4 18. Ng4 Nf5 19. Qh3 Bxg5 20. Bxg5 Qxg5 21. f4 Qh5 0-1


[Site "https://www.chess.com"]

[Event "Titled Tuesday Blitz March 07 Late 2023"]
[White "Papasimakopoulos, Alexandros"]
[Black "Ezat, Mohamed"]
[WhiteFideId "4244125"]
[BlackFideId "10600906"]
[WhiteElo "2359"]
[BlackElo "2386"]
[Result "1-0"]
[Round "09"]
[TimeControl "180+2"]
[Date "2023.03.07"]
[WhiteClock "0:00:13"]
[BlackClock "0:00:13"]

1. d4 Nf6 2. c4 g6 3. Nc3 Bg7 4. Bg5 d6 5. e3 h6 6. Bh4 O-O 7. Bg3 Nbd7 8. Be2 e5 9. dxe5 Nxe5 10. Nf3 Nxf3+ 11. Bxf3 Be6 12. Qa4 Nd7 13. O-O Nc5 14. Qc2 Bxc4 15. Rfd1 Be6 16. Rac1 a5 17. Nd5 a4 18. Nxc7 Qxc7 19. Bxd6 Qa5 20. Qxc5 Qxc5 21. Bxc5 Rfd8 22. Bxb7 Rxd1+ 23. Rxd1 Rb8 24. Bf3 Rxb2 25. a3 Rb5 26. Bd6 Rb2 27. h4 h5 28. Bd5 Bf5 29. e4 Bd7 30. Bb4 Bb5 31. Rc1 Be5 32. Bc5 Bd3 33. g3 Be2 34. Bc6 Bf3 35. Bxa4 Bxe4 36. Re1 Bf3 37. Bb4 Bc7 38. Bc5 Rd2 39. Bb5 Rd5 40. Rc1 Ba5 41. a4 Bd2 42. Rc2 Bb4 43. Bxb4 Rd1+ 44. Bf1 Be4 45. Rd2 Rb1 46. Rd4 Bf3 47. Bc3 f6 48. Rd2 Bc6 49. Bxf6 Bxa4 50. Kg2 Bc6+ 51. f3 Rb3 52. Rf2 Kf7 53. Bg5 Ke6 54. Bc4+ Bd5 55. Bxb3 Bxb3 56. Rd2 Bd5 57. Kf2 Bc6 58. Ke3 Kf5 59. Rd4 Bb7 60. Rd6 Bxf3 61. Rf6+ Ke5 62. Kxf3 Kd5 63. Rxg6 Ke5 64. Rf6 Kd5 65. Kf4 Kd4 66. Kf5 Kd3 67. Kg6 Ke4 68. Kxh5 Ke5 69. Kg6 Kd5 70. h5 1-0


[Site "https://www.chess.com"]

[Event "Titled Tuesday Blitz March 07 Late 2023"]
[White "Martinez Ramirez, Lennis"]
[Black "Golubev, Mikhail"]
[WhiteFideId "3509079"]
[BlackFideId "14100983"]
[WhiteElo "2439"]
[BlackElo "2374"]
[Result "1-0"]
[Round "09"]
[TimeControl "180+2"]
[Date "2023.03.07"]
[WhiteClock "0:01:47"]
[BlackClock "0:00:01"]

1. c4 g6 2. d4 Bg7 3. Nc3 d6 4. e4 Nf6 5. h3 Nbd7 6. Nf3 e5 7. d5 Nc5 8. Bd3 a5 9. Bc2 O-O 10. Be3 Nfd7 11. g4 Qe7 12. h4 Nb6 13. Nd2 Bd7 14. h5 Bf6 15. Qf3 Bg5 16. O-O-O Bxe3 17. Qxe3 g5 18. h6 f6 19. f3 a4 20. a3 Rfc8 21. Kb1 c6 22. Rc1 cxd5 23. exd5 Be8 24. Bf5 Bg6 25. Bxg6 hxg6 26. h7+ Kg7 27. Nce4 Nxe4 28. fxe4 Nd7 29. Qh3 Kh8 30. Rcf1 Nc5 31. Qe3 Kg7 32. Rf3 Rab8 33. Rhf1 Rf8 34. Qf2 Nd7 35. Rh3 Kh8 36. Qa7 Nc5 37. Qb6 Ra8 38. Ka2 Ra6 39. Qb5 Qc7 40. Qb4 Rb6 41. Qc3 Nb3 42. Rf2 Nxd2 43. Qxd2 Qxc4+ 44. Ka1 Qxe4 45. Rhf3 f5 46. gxf5 1-0


[Site "https://www.chess.com"]

[Event "Titled Tuesday Blitz March 07 Late 2023"]
[White "Slade, Theodore"]
[Black "Skvortsov, Andrei"]
[WhiteFideId "426547"]
[BlackFideId "24108600"]
[WhiteElo "1964"]
[BlackElo "2259"]
[Result "0-1"]
[Round "09"]
[TimeControl "180+2"]
[Date "2023.03.07"]
[WhiteClock "0:00:03"]
[BlackClock "0:00:17"]

1. d4 d5 2. c4 dxc4 3. Nf3 Nf6 4. e3 e6 5. Bxc4 a6 6. O-O c5 7. dxc5 Bxc5 8. Qxd8+ Kxd8 9. Nfd2 Ke7 10. Be2 Rd8 11. Bf3 Nbd7 12. Nc4 Rb8 13. Nc3 b5 14. Na5 Ne5 15. Be2 Bb6 16. b4 Bxa5 17. bxa5 Nd3 18. Rd1 Nxc1 19. Raxc1 Bb7 20. f3 b4 21. Na4 Rxd1+ 22. Bxd1 Bd5 23. Bb3 Rb5 24. Rc5 Rb7 25. e4 Bxb3 26. axb3 Nd7 27. Rc6 Nb8 28. Nc5 Rb5 29. Rc8 Rxa5 30. Rxb8 Rxc5 31. Rxb4 Rb5 32. Ra4 a5 33. Kf2 Kd6 34. g4 Kc5 35. Ra3 Kb4 36. Ra1 Kxb3 37. Rb1+ Ka4 38. Rc1 Rb7 39. Ra1+ Kb5 40. Rb1+ Ka6 41. Ra1 Ra7 42. Ke3 e5 43. Kd3 Kb5 44. Rb1+ Kc5 45. Rc1+ Kd6 46. Ra1 a4 47. Ra3 Kc5 48. Kc3 Kb5 49. Kb2 Rd7 50. Rc3 Rd2+ 51. Ka3 Rf2 52. Rd3 f6 53. h4 Rc2 54. h5 h6 55. Rd5+ Rc5 56. Rd7 Rc3+ 57. Kb2 Rb3+ 58. Ka2 Rxf3 59. Rxg7 Rf2+ 60. Ka3 Rf3+ 61. Ka2 Rf4 62. Rg6 Kb4 63. Rxh6 Rf2+ 64. Ka1 Kb3 65. Kb1 Rf1# 0-1


[Site "https://www.chess.com"]

[Event "Titled Tuesday Blitz March 07 Late 2023"]
[White "Cuenca Jimenez, Jose Fernando"]
[Black "Gasparyan, David"]
[WhiteFideId "2255570"]
[BlackFideId "13311980"]
[WhiteElo "2429"]
[BlackElo "2467"]
[Result "1-0"]
[Round "09"]
[TimeControl "180+2"]
[Date "2023.03.07"]
[WhiteClock "0:00:07"]
[BlackClock "0:00:11"]

1. c4 d6 2. Nc3 g6 3. g3 Bg7 4. Bg2 Nf6 5. e4 O-O 6. Nge2 c5 7. O-O Nc6 8. d3 a6 9. a3 Rb8 10. Rb1 b5 11. cxb5 axb5 12. b4 Bd7 13. bxc5 dxc5 14. Nxb5 e5 15. a4 Nb4 16. Nec3 Bg4 17. f3 Be6 18. Ba3 Nxd3 19. Qd2 Qb6 20. a5 Qd8 21. Rfd1 Bc4 22. Bf1 Bxb5 23. Nxb5 c4 24. Bxf8 Bxf8 25. Bxd3 cxd3 26. Qxd3 Qxa5 27. Nc3 Bc5+ 28. Kg2 Rxb1 29. Rxb1 Bd4 30. Ne2 Ba7 31. Rb2 Qe1 32. Rb1 Qf2+ 33. Kh1 h5 34. Ng1 h4 35. Rf1 Qc5 36. Kg2 Nh5 37. Qe2 hxg3 38. hxg3 Qe7 39. Nh3 Bd4 40. Rb1 Kg7 41. Qd2 Qa3 42. Rd1 Qb3 43. Qe2 Qb4 44. g4 Nf6 45. Qd2 Qc4 46. Qd3 Qa2+ 47. Rd2 Qa1 48. Qe2 Qa5 49. Rd1 Ne8 50. Nf2 Nf6 51. Nd3 Nh7 52. Qd2 Qd8 53. Nxe5 1-0


[Site "https://www.chess.com"]

[Event "Titled Tuesday Blitz March 07 Late 2023"]
[White "Sreyas Payyappat"]
[Black "Rytenko, Vsevolod"]
[WhiteFideId "46674969"]
[BlackFideId "14133040"]
[WhiteElo "2083"]
[BlackElo "2262"]
[Result "0-1"]
[Round "09"]
[TimeControl "180+2"]
[Date "2023.03.07"]
[WhiteClock "0:00:11"]
[BlackClock "0:00:25"]

1. e4 c5 2. Nf3 d6 3. d4 cxd4 4. Nxd4 Nf6 5. Nc3 g6 6. f4 Nc6 7. Be3 Bg7 8. Be2 O-O 9. Qd3 Bd7 10. O-O Rc8 11. h3 Nb4 12. Qd2 a5 13. Bf3 Ne8 14. Rad1 Nc7 15. g4 Ne6 16. Nxe6 Bxe6 17. a3 Nc6 18. f5 Bc4 19. Be2 Bxc3 20. bxc3 Ne5 21. Bd4 Qc7 22. Bxc4 Qxc4 23. f6 exf6 24. Rxf6 Nc6 25. Rxd6 Rfd8 26. Rxd8+ Rxd8 27. Qg5 Re8 28. Qf6 Nxd4 29. Qxd4 Qe2 30. Qd3 Rxe4 31. Qxe2 Rxe2 32. Rd5 b6 33. Rb5 Rxc2 34. Rxb6 Rxc3 35. a4 Rxh3 36. Rb5 Rg3+ 37. Kf2 Rxg4 38. Rxa5 h5 39. Ra8+ Kg7 40. a5 Ra4 41. a6 g5 42. a7 h4 43. Kg2 g4 44. Kf2 Ra2+ 45. Ke3 h3 46. Kf4 h2 47. Kxg4 h1=Q 0-1


[Site "https://www.chess.com"]

[Event "Titled Tuesday Blitz March 07 Late 2023"]
[White "Guzman, Christopher"]
[Black "Gerbelli Neto, Eduardo"]
[WhiteFideId "6405096"]
[BlackFideId "2103281"]
[WhiteElo "2281"]
[BlackElo "2178"]
[Result "1-0"]
[Round "09"]
[TimeControl "180+2"]
[Date "2023.03.07"]
[WhiteClock "0:00:56"]
[BlackClock "0:00:13"]

1. e4 e5 2. Nf3 Nc6 3. Bb5 a6 4. Ba4 d6 5. O-O Bg4 6. c3 Qf6 7. Bxc6+ bxc6 8. d3 Ne7 9. Be3 Bxf3 10. Qxf3 Qxf3 11. gxf3 g5 12. d4 f6 13. dxe5 fxe5 14. Kh1 Rg8 15. Rg1 h6 16. Nd2 Kf7 17. Nc4 Rb8 18. b3 Ng6 19. Na5 c5 20. Rad1 Ke6 21. Rg3 Nf4 22. Bxf4 exf4 23. Rgg1 Bg7 24. Rd3 Bf6 25. h3 h5 26. Nc4 Rh8 27. Kg2 Be5 28. Kf1 g4 29. hxg4 hxg4 30. Rxg4 Rh1+ 31. Rg1 Rbh8 32. Nxe5 Kxe5 33. Rd5+ Ke6 34. Rf5 R1h4 35. Ke2 Kd7 36. Rg7+ Kc6 37. Rff7 Rc8 38. Rg4 Rh1 39. Rgxf4 Ra1 40. a4 Rb1 41. b4 cxb4 42. cxb4 Rxb4 43. Rh4 Rxa4 44. Rh5 Ra2+ 45. Ke3 a5 46. Rff5 Ra8 47. Rh1 a4 48. Rc1+ Kd7 49. Rf7+ Ke6 50. Rcxc7 Re8 51. f4 Ra3+ 52. Kd4 1-0


[Site "https://www.chess.com"]

[Event "Titled Tuesday Blitz March 07 Late 2023"]
[White "Fishbein, Alexander"]
[Black "Bach, Matthias"]
[WhiteFideId "2000377"]
[BlackFideId "4603168"]
[WhiteElo "2415"]
[BlackElo "2165"]
[Result "1-0"]
[Round "09"]
[TimeControl "180+2"]
[Date "2023.03.07"]
[WhiteClock "0:00:27"]
[BlackClock "0:00:20"]

1. e4 e5 2. Nf3 Nc6 3. Bb5 Bc5 4. O-O d6 5. c3 a6 6. Bxc6+ bxc6 7. d4 exd4 8. cxd4 Bb6 9. h3 Ne7 10. Nc3 O-O 11. Bf4 d5 12. Re1 dxe4 13. Nxe4 Nd5 14. Bg3 Bf5 15. Nc5 Bxc5 16. dxc5 Rb8 17. Nd4 Qd7 18. Qf3 Bg6 19. b3 Rfe8 20. Rxe8+ Rxe8 21. Rd1 Be4 22. Qg4 f5 23. Qg5 h6 24. Qc1 f4 25. Bxf4 Nxf4 26. Qxf4 Qd5 27. f3 Bg6 28. Kh2 Re7 29. Rc1 Kh7 30. h4 Rd7 31. Rc4 Bd3 32. Ra4 Qxc5 33. Ne6 Qd6 34. Qxd6 cxd6 35. Nf8+ 1-0


[Site "https://www.chess.com"]

[Event "Titled Tuesday Blitz March 07 Late 2023"]
[White "Yuan, Qingyu"]
[Black "reevecanada"]
[WhiteFideId "8609772"]
[WhiteElo "2359"]
[BlackElo "2526"]
[Result "1-0"]
[Round "09"]
[TimeControl "180+2"]
[Date "2023.03.07"]
[WhiteClock "0:00:36"]
[BlackClock "0:00:43"]

1. e4 c5 2. Nf3 d6 3. Bb5+ Bd7 4. Bxd7+ Qxd7 5. c4 e5 6. Nc3 Nf6 7. d3 Be7 8. O-O O-O 9. a3 Nc6 10. Rb1 b6 11. b4 Ne8 12. Ne1 f5 13. f4 fxe4 14. Nxe4 Nc7 15. b5 Nd4 16. fxe5 dxe5 17. Nf3 Qg4 18. Nxe5 Ne2+ 19. Kh1 Qh5 20. Nf3 Nf4 21. Bxf4 Rxf4 22. Nfd2 Qh6 23. Rxf4 Qxf4 24. Qf3 Rf8 25. Qxf4 Rxf4 26. Rf1 Ne6 27. g3 Rxf1+ 28. Nxf1 Nd4 29. Ne3 Kf7 30. Kg2 Ke6 31. Kf2 Bd8 32. h4 Ke5 33. a4 Nb3 34. Ke2 Kd4 35. Nf5+ Ke5 36. Nxg7 Nd4+ 37. Ke3 Be7 38. Ne8 Nf5+ 39. Ke2 Bd8 40. h5 Ke6 41. g4 Nd4+ 42. Kf2 Ke5 43. N8d6 Kf4 44. g5 Bxg5 45. Nc8 Bd8 46. Nxa7 Bc7 47. Nc6 Nxc6 48. bxc6 Ke5 49. Nc3 Bb8 50. Nb5 Ke6 51. Kf3 Bc7 52. Ke4 Bd8 53. c7 Bxc7 54. Nxc7+ Kd6 55. Nb5+ Kc6 56. Ke5 Kb7 57. Kd6 Ka6 58. Kd5 Ka5 59. Ke6 Kxa4 60. Kf6 Kb3 61. Kg7 Kc2 62. Kxh7 Kxd3 63. Nd6 b5 64. cxb5 c4 65. Nxc4 Kxc4 66. b6 Kd3 67. b7 Kc3 68. b8=Q Kd3 69. Qe8 Kc3 70. Kg7 Kd3 71. Kg8 Kc3 72. h6 Kd3 73. Kg7 Kc3 74. Kg6 Kd3 75. Kg5 Kc3 76. Kg4 Kd3 77. Kg3 Kc3 78. Kg2 Kd3 79. Kg1 Kc3 80. Kh1 Kd3 81. h7 Kc3 82. h8=Q+ Kd3 83. Kh2 Kc2 84. Kh3 Kd3 85. Kh4 Kc2 86. Kh5 Kd3 87. Kh6 Kc2 88. Kh7 Kd3 89. Kg7 Kc2 90. Kg6 Kd3 91. Kg5 Kc2 92. Kg4 Kd3 93. Kg3 Kc2 94. Kg2 Kd3 95. Kg1 Kc2 96. Qc3+ Kxc3 97. Kf2 Kd2 98. Qd8+ Kc2 99. Ke3 Kc3 100. Qc8+ Kb2 101. Kd3 Ka1 102. Kc2 Ka2 103. Qa8# 1-0


[Site "https://www.chess.com"]

[Event "Titled Tuesday Blitz March 07 Late 2023"]
[White "ArchibaldCerveza29"]
[Black "Baskakov, Egor"]
[BlackFideId "24197866"]
[WhiteElo "2486"]
[BlackElo "2212"]
[Result "0-1"]
[Round "09"]
[TimeControl "180+2"]
[Date "2023.03.07"]
[WhiteClock "0:00:05"]
[BlackClock "0:00:25"]

1. e4 c5 2. Nf3 Nf6 3. e5 Nd5 4. Nc3 e6 5. Ne4 Nc6 6. c3 f5 7. exf6 Nxf6 8. Nxf6+ Qxf6 9. d4 d5 10. Bg5 Qf7 11. Bd3 Bd6 12. O-O O-O 13. Qe2 Re8 14. Rae1 e5 15. dxe5 Nxe5 16. Nxe5 Rxe5 17. Qd2 Rxe1 18. Rxe1 Bf5 19. Bxf5 Qxf5 20. Be7 Bxe7 21. Rxe7 Rd8 22. h3 d4 23. cxd4 cxd4 24. Rxb7 d3 25. Rxa7 Qc5 26. Rb7 h6 27. b4 Qc2 28. Qf4 Rf8 29. Qd4 Rf6 30. Rd7 Qe2 31. Rd8+ Kf7 32. Qd5+ Re6 33. Qxd3 Qxa2 34. Rd7+ Ke8 35. Rxg7 Qa1+ 36. Kh2 Qxg7 37. Qb5+ Qd7 38. Qh5+ Kd8 39. b5 Rf6 40. Qh4 Qd6+ 41. g3 Kc7 42. Qc4+ Kb7 43. Qe4+ Kb6 44. Kg2 Qc5 45. Qe2 Qd5+ 46. Kh2 Qc5 47. Kg2 Rd6 48. h4 h5 49. Qf3 Qd5 50. Qxd5 Rxd5 51. f3 Kxb5 52. g4 Kc5 53. Kg3 Kd6 54. g5 Ke6 55. Kf4 Rd4+ 56. Kg3 Ra4 57. f4 Kf5 58. g6 Rxf4 59. g7 Rg4+ 60. Kh3 Rxg7 61. Kh2 Kf4 62. Kh1 0-1


[Site "https://www.chess.com"]

[Event "Titled Tuesday Blitz March 07 Late 2023"]
[White "Fier, Alexandr"]
[Black "Prydun, Andriy"]
[WhiteFideId "2107139"]
[BlackFideId "14145898"]
[WhiteElo "2610"]
[BlackElo "2164"]
[Result "1-0"]
[Round "09"]
[TimeControl "180+2"]
[Date "2023.03.07"]
[WhiteClock "0:02:14"]
[BlackClock "0:00:28"]

1. d4 c6 2. Bg5 Na6 3. e4 d5 4. e5 Qb6 5. Nc3 Qxb2 6. Nge2 Nh6 7. Rb1 Qa3 8. Bd2 Nf5 9. g4 Nh4 10. Nf4 Ng6 11. Rb3 Qa5 12. Ncxd5 Qd8 13. Nxg6 hxg6 14. Nf4 Qxd4 15. Rd3 Qe4+ 16. Be3 Bxg4 17. Qxg4 Nc5 18. Rd2 Qxh1 19. Bxc5 e6 20. Nxe6 Bxc5 21. Nc7+ Kf8 22. Nxa8 Be7 23. Qc8+ 1-0


[Site "https://www.chess.com"]

[Event "Titled Tuesday Blitz March 07 Late 2023"]
[White "Weichhold, Pawel"]
[Black "Papayan, Oleg"]
[WhiteFideId "1139703"]
[BlackFideId "4193911"]
[WhiteElo "2330"]
[BlackElo "2153"]
[Result "0-1"]
[Round "09"]
[TimeControl "180+2"]
[Date "2023.03.07"]
[WhiteClock "0:00:27"]
[BlackClock "0:00:06"]

1. e4 d5 2. exd5 Qxd5 3. Nc3 Qd8 4. d4 c6 5. Nf3 Bf5 6. Bd3 Bg6 7. Bf4 e6 8. h4 Nf6 9. Qe2 Nbd7 10. O-O-O Bb4 11. Bxg6 hxg6 12. Ne4 Qa5 13. Kb1 Nxe4 14. Qxe4 Nf6 15. Qe2 Nd5 16. Bc1 O-O-O 17. Ne5 Qc7 18. g3 Bd6 19. Nd3 b5 20. Qf3 Rh5 21. Rhe1 Rf5 22. Qe2 Rh5 23. f4 a5 24. Qe4 a4 25. a3 Bxa3 26. Qf3 Bd6 27. Nf2 b4 28. Ne4 Nb6 29. Qd3 Ra5 30. Bd2 a3 31. b3 a2+ 32. Ka1 Be7 33. Re2 Nd5 34. Qf3 Nf6 35. Nf2 Rxd4 36. Ree1 Rad5 37. Be3 Rxd1+ 38. Rxd1 Rxd1+ 39. Qxd1 Nd5 40. Bd4 Bf6 41. Bxf6 gxf6 42. Ne4 f5 43. Nc5 Qa7 44. Nd3 Qd4+ 45. Kxa2 Nc3+ 46. Kb2 Nxd1+ 47. Kc1 Ne3 48. Kd2 Nd5 49. Ke2 Qe3+ 50. Kd1 Nc3# 0-1


[Site "https://www.chess.com"]

[Event "Titled Tuesday Blitz March 07 Late 2023"]
[White "Bitoon, Richard"]
[Black "Gonzalez, Francisco Silva"]
[WhiteFideId "5201110"]
[BlackFideId "1512285"]
[WhiteElo "2374"]
[BlackElo "2074"]
[Result "0-1"]
[Round "09"]
[TimeControl "180+2"]
[Date "2023.03.07"]
[WhiteClock "0:02:06"]
[BlackClock "0:00:59"]

1. e4 e5 2. Nf3 Nc6 3. Bc4 Bc5 4. b4 Bb6 5. c3 Nf6 6. b5 Na5 7. Bxf7+ Kxf7 8. Nxe5+ Kg8 9. d3 d6 10. Nf3 a6 11. a4 axb5 12. axb5 Be6 13. Nbd2 h6 14. Nd4 Qd7 15. O-O Bxd4 16. cxd4 Qxb5 17. d5 Bg4 18. f3 Qxd3 19. Bb2 Bd7 20. Ra3 Qb5 21. Qa1 Kf7 22. Rb1 Qe2 23. Bxf6 gxf6 24. Rxa5 Rhg8 25. g3 Bh3 0-1


[Site "https://www.chess.com"]

[Event "Titled Tuesday Blitz March 07 Late 2023"]
[White "Yeritsyan, Hayk"]
[Black "Mirzoev, Azer"]
[WhiteFideId "13307320"]
[BlackFideId "13400304"]
[WhiteElo "2459"]
[BlackElo "2525"]
[Result "0-1"]
[Round "09"]
[TimeControl "180+2"]
[Date "2023.03.07"]
[WhiteClock "0:00:05"]
[BlackClock "0:00:11"]

1. d4 d5 2. Nf3 Nf6 3. e3 Bg4 4. Bd3 e6 5. Nbd2 c5 6. c3 Nc6 7. Qa4 Nd7 8. Bb5 Qc7 9. dxc5 Bxf3 10. Nxf3 Nxc5 11. Bxc6+ bxc6 12. Qc2 Be7 13. c4 Qb6 14. O-O O-O 15. b3 Bf6 16. Rb1 Ne4 17. Bb2 Bxb2 18. Rxb2 a5 19. Nd2 Nf6 20. a3 h6 21. h3 Rfb8 22. b4 axb4 23. axb4 Qa7 24. b5 cxb5 25. cxb5 Nd7 26. Rfb1 Nb6 27. Qd3 Rc8 28. Qd4 Qb8 29. e4 Ra4 30. Qd3 d4 31. Rc2 e5 32. Rbc1 Rxc2 33. Qxc2 Rb4 34. Qc5 Rb2 35. Nf3 Nd7 36. Qc8+ Qxc8 37. Rxc8+ Kh7 38. Rd8 Nc5 39. Nxe5 f6 40. Nc4 Rb1+ 41. Kh2 d3 42. b6 Rb4 43. Ne3 Nxe4 44. Rxd3 Rxb6 45. f3 Nd6 46. Rd2 Rc6 47. Ng4 h5 48. Nf2 Kg6 49. Rd4 Nf5 50. Rd2 h4 51. Ne4 Ra6 52. Rc2 Ne3 53. Re2 Nf5 54. Rc2 Ra3 55. Rd2 Ne3 56. Rb2 Kf5 57. Rb5+ Kf4 58. Rb4 Kf5 59. Nf2 Ra2 60. Kg1 Ra1+ 61. Kh2 Nf1+ 62. Kg1 Ng3+ 63. Kh2 g5 64. Rb5+ Kg6 65. Rb4 Rf1 66. Rb2 Kf5 67. Ra2 Kg6 68. Rb2 Ra1 69. Rc2 Nf1+ 70. Kg1 Ne3+ 71. Rc1 Rxc1+ 0-1


[Site "https://www.chess.com"]

[Event "Titled Tuesday Blitz March 07 Late 2023"]
[White "Gascon Del Nogal, Jose Rafael"]
[Black "Nunez V, Gustavo Eduardo"]
[WhiteFideId "3902463"]
[BlackFideId "4403690"]
[WhiteElo "2473"]
[BlackElo "2228"]
[Result "0-1"]
[Round "09"]
[TimeControl "180+2"]
[Date "2023.03.07"]
[WhiteClock "0:00:01"]
[BlackClock "0:00:39"]

1. Nf3 g6 2. c4 Bg7 3. g3 e5 4. Nc3 Ne7 5. d3 c5 6. Bg2 O-O 7. O-O d6 8. Nd2 Nbc6 9. b3 e4 10. Bb2 exd3 11. exd3 Nf5 12. Rb1 Nfd4 13. Nd5 Re8 14. Re1 Be6 15. a3 Qd7 16. Ne4 Bxd5 17. cxd5 Ne7 18. b4 b6 19. Nd2 Nef5 20. Rxe8+ Rxe8 21. Be4 h5 22. Kg2 Nh6 23. Nb3 Nxb3 24. Bxg7 Kxg7 25. Qxb3 f5 26. Bf3 Qe7 27. bxc5 dxc5 28. a4 Ng4 29. a5 Rb8 30. axb6 Rxb6 31. Qc3+ Qf6 32. Rc1 Qxc3 33. Rxc3 Ne5 34. Rxc5 Nxd3 35. Rc7+ Kf6 36. Rxa7 Rb2 37. Ra6+ Kg7 38. Kg1 Rb1+ 39. Kg2 Ne1+ 40. Kh3 Nxf3 41. d6 g5 42. Ra7+ Kf6 0-1


[Site "https://www.chess.com"]

[Event "Titled Tuesday Blitz March 07 Late 2023"]
[White "Vlassov, Nikolai"]
[Black "Rostomyan, Mikayel"]
[WhiteFideId "4103360"]
[BlackFideId "13313754"]
[WhiteElo "2324"]
[BlackElo "2009"]
[Result "0-1"]
[Round "09"]
[TimeControl "180+2"]
[Date "2023.03.07"]
[WhiteClock "0:00:05"]
[BlackClock "0:00:08"]

1. e4 c5 2. c3 Nf6 3. e5 Nd5 4. d4 cxd4 5. cxd4 d6 6. Bc4 Nb6 7. Bb3 dxe5 8. Qh5 e6 9. dxe5 Bb4+ 10. Nc3 Nc6 11. Nf3 Bxc3+ 12. bxc3 Na5 13. Bc2 Qe7 14. O-O Bd7 15. a4 Nac4 16. a5 Nd5 17. Bd3 Bb5 18. Nd4 Ba6 19. Bxc4 Bxc4 20. Ba3 Qd7 21. Rfb1 Nxc3 22. Qg4 Qxd4 23. Qxd4 Ne2+ 24. Kh1 Nxd4 25. Rxb7 O-O-O 26. Rxa7 Nb5 27. Rxf7 Nxa3 28. h4 Nb5 29. a6 Rd7 30. a7 Nxa7 31. Rxd7 Kxd7 32. Rxa7+ Kc6 33. Rxg7 Kd5 34. f4 Ke4 35. g3 Kf3 36. Kh2 Bd3 37. Ra7 Rd8 38. Ra3 h5 39. Kh3 Ke2 40. g4 hxg4+ 41. Kxg4 Bf5+ 42. Kg5 Rg8+ 43. Kf6 Rg6+ 44. Kf7 Kf2 45. Ra8 Kf3 46. Rh8 Kxf4 47. h5 Rg5 48. Kf6 Rg4 49. h6 Rg6+ 50. Kf7 Kxe5 51. h7 Rh6 52. Kg7 Rxh7+ 53. Rxh7 Bxh7 54. Kxh7 Kf4 55. Kh6 e5 56. Kh5 e4 57. Kh4 Kf3 0-1


[Site "https://www.chess.com"]

[Event "Titled Tuesday Blitz March 07 Late 2023"]
[White "Derige Kane, Yan"]
[Black "Melikhov, Evgeny V."]
[WhiteFideId "20665431"]
[BlackFideId "4122046"]
[WhiteElo "2149"]
[BlackElo "2158"]
[Result "1-0"]
[Round "09"]
[TimeControl "180+2"]
[Date "2023.03.07"]
[WhiteClock "0:01:33"]
[BlackClock "0:00:12"]

1. d4 Nf6 2. c4 e6 3. Nf3 d5 4. Nc3 Bb4 5. Qa4+ Nc6 6. Bg5 h6 7. Bxf6 Qxf6 8. e3 O-O 9. Be2 dxc4 10. Bxc4 a6 11. Qc2 e5 12. O-O Bd6 13. Nd5 Qd8 14. Rfd1 exd4 15. Nxd4 Nxd4 16. Rxd4 Be6 17. Rad1 Bxd5 18. Bxd5 Rb8 19. Rg4 Qe7 20. Qg6 Qe5 21. f4 Qxb2 22. Rd4 Qb1+ 23. Qxb1 1-0


[Site "https://www.chess.com"]

[Event "Titled Tuesday Blitz March 07 Late 2023"]
[White "Filgueira, Hernan"]
[Black "mohsengabr2002"]
[WhiteFideId "101770"]
[WhiteElo "2363"]
[BlackElo "2341"]
[Result "1-0"]
[Round "09"]
[TimeControl "180+2"]
[Date "2023.03.07"]
[WhiteClock "0:00:11"]
[BlackClock "0:00:07"]

1. c4 g6 2. Nc3 Bg7 3. g3 e6 4. Bg2 Ne7 5. d4 d5 6. cxd5 exd5 7. Nf3 O-O 8. O-O c6 9. Bf4 Nd7 10. Bd6 Re8 11. Bxe7 Qxe7 12. Rb1 a5 13. Re1 Nf6 14. Ne5 Bf5 15. Rc1 Ne4 16. Nxe4 Bxe4 17. Bxe4 dxe4 18. Nc4 e3 19. Nxe3 Bh6 20. Rc3 Rad8 21. Rd3 Qb4 22. b3 Re4 23. Nc2 Qd6 24. e3 f5 25. Qd2 g5 26. Qxa5 f4 27. Qf5 Rde8 28. Kh1 R4e7 29. gxf4 gxf4 30. Rg1+ Kh8 31. Qh3 fxe3 32. Nxe3 Bxe3 33. fxe3 Qd5+ 34. Qg2 Qxg2+ 35. Rxg2 Rxe3 36. Rxe3 Rxe3 37. Rd2 Kg7 38. Kg2 Kf6 39. d5 cxd5 40. Rxd5 Re2+ 41. Kg3 Rxa2 42. Rb5 Ra7 43. Rb6+ Kg5 44. h4+ Kf5 45. Rb5+ Kg6 46. Kg4 Kg7 47. h5 h6 48. Rb6 Kh7 49. b4 Kg7 50. b5 Ra4+ 51. Kf5 Ra7 52. Ke6 Kh7 53. Kd7 Ra4 54. Rxb7 Rh4 55. Kc6+ Kg8 56. Rd7 Rxh5 57. b6 Rh1 58. b7 Rc1+ 59. Kd5 Rd1+ 60. Ke6 Re1+ 61. Kf5 Rb1 62. Rd8+ Kg7 63. b8=Q Rxb8 64. Rxb8 1-0


[Site "https://www.chess.com"]

[Event "Titled Tuesday Blitz March 07 Late 2023"]
[White "Harsh Suresh"]
[Black "Vovk, Orest"]
[WhiteFideId "45018464"]
[BlackFideId "14113490"]
[WhiteElo "2227"]
[BlackElo "2215"]
[Result "1-0"]
[Round "09"]
[TimeControl "180+2"]
[Date "2023.03.07"]
[WhiteClock "0:01:51"]
[BlackClock "0:01:43"]

1. e4 g5 2. d4 g4 3. Be3 d5 4. exd5 Qxd5 5. c4 Qa5+ 6. Nc3 c5 7. dxc5 Bg7 8. Rc1 Nc6 9. Bd3 Be6 10. Ne2 O-O-O 11. O-O Nb4 12. Nd5 Bxd5 13. cxd5 Rxd5 14. Nf4 Rd8 15. Qxg4+ e6 16. Qxg7 Nxd3 17. Nxd3 Ne7 18. Qxf7 Nd5 19. c6 bxc6 20. Qxe6+ Kb8 21. Ne5 1-0


[Site "https://www.chess.com"]

[Event "Titled Tuesday Blitz March 07 Late 2023"]
[White "Hernandez Sanchez, Elvis De La Caridad"]
[Black "Perske, Thore"]
[WhiteFideId "6400353"]
[BlackFideId "12902195"]
[WhiteElo "2475"]
[BlackElo "2336"]
[Result "0-1"]
[Round "09"]
[TimeControl "180+2"]
[Date "2023.03.07"]
[WhiteClock "0:00:01"]
[BlackClock "0:00:03"]

1. e4 e6 2. d4 d5 3. e5 c5 4. c3 Qb6 5. Nf3 Bd7 6. Be2 Bb5 7. dxc5 Bxc5 8. b4 Bf8 9. Be3 Qa6 10. Bxb5+ Qxb5 11. a4 Qd7 12. O-O Ne7 13. Nd4 Nbc6 14. Nxc6 Nxc6 15. f4 Be7 16. Na3 O-O 17. Nc2 f6 18. Bd4 a6 19. a5 Rac8 20. Qd3 f5 21. Kh1 g6 22. Rg1 Rf7 23. Raf1 Qc7 24. Rf3 Bf8 25. h3 Ne7 26. Ne3 Nc6 27. Nc2 Ne7 28. g4 Qc4 29. Qxc4 Rxc4 30. Ne3 Rc8 31. gxf5 Nxf5 32. Nxf5 Rxf5 33. Rg5 Rc4 34. Rxf5 gxf5 35. Rd3 Bh6 36. Rf3 Kf7 37. Kg2 Bf8 38. Rd3 Be7 39. Kf3 Bh4 40. Rd1 Be7 41. Ke3 Rc8 42. h4 Rg8 43. Kf3 Rg4 44. Be3 Rxh4 45. c4 Rh3+ 46. Ke2 Bxb4 47. cxd5 exd5 48. Rxd5 Ke6 49. Rd8 Bxa5 50. Re8+ Kd5 51. Rd8+ Ke6 52. Rd6+ Ke7 53. Bc5 Ke8 54. Re6+ Kd8 55. Bd6 Bc7 56. Rf6 Bxd6 57. Rxd6+ Ke7 58. Rb6 h5 59. Rxb7+ Ke6 60. Rb6+ Kd5 61. Rxa6 Ke4 62. Ra4+ Kd5 63. Kf2 h4 64. Kg2 Rg3+ 65. Kh2 Rg4 66. Kh3 Ke6 67. Rd4 Ke7 68. Rc4 Ke6 69. Rb4 Kd5 70. Ra4 Ke6 71. Rb4 Kf7 72. Rb7+ Kg6 73. Rb6+ Kh5 74. e6 Rxf4 75. e7 Rf3+ 76. Kg2 Re3 77. Rb7 Kg6 78. Rb4 Kg5 79. Rb7 Kf6 80. Rb4 Kg5 81. Rb7 Re4 0-1


[Site "https://www.chess.com"]